 Dungeon Sprint DCSS version 0.22-a0-109-gbeb7240 (webtiles) character file.

7226 theanonym the Cleaver (level 10, -5/89 HPs)
             Began as a Mummy Fighter on Jan 26, 2018.
             Was the Champion of Makhleb.
             Slain by a vault guard
             ... wielding a +0 great sword
              (16 damage)
             ... in the Dungeon (Sprint V: "Ziggurat Sprint").
             The game lasted 00:02:36 (242 turns).

theanonym the Cleaver (Mummy Fighter)                Turns: 242, Time: 00:02:37

Health: -5/89      AC: 22    Str: 33    XL:     10   Next: 88%
Magic:  1/1        EV:  0    Int:  8    God:    Makhleb [******]
Gold:   0          SH: 32    Dex: 16    Spells: 9/9 levels left

rFire    + . .     SeeInvis +   s - +14 obsidian axe {chop, +Fly SInv *Curse} (curse)
rCold    + + +     Gourm    +   t - +18 shield of the Gong {rElec rN+ MR+ EV-5}
rNeg     + + +     Faith    .   q - +5 gold dragon scales {23 rF+ rC+ rPois}
rPois    ∞         Spirit   .   (no helmet)
rElec    +         Reflect  .   (no cloak)
rCorr    .         Harm     .   (no gloves)
MR       ++...     NoTele   +   (no boots)
Stlth    ..........             w - amulet "Lotealew" {Gourm MP-9 Str+5}
HPRegen  0.24/turn              m - +6 ring of strength
MPRegen  0.07/turn              x - ring of Reakoemu {rPois rF+ rC+ Dex+4}

@: mesmerised
A: no food or potions, fire vulnerability, cold resistance 1, negative energy
resistance 3, torment resistance, unbreathing
a: Minor Destruction, Lesser Servant of Makhleb, Major Destruction, Greater
Servant of Makhleb, Renounce Religion, Evoke Flight


Innate Abilities, Weirdness & Mutations

You do not eat or drink.
Your flesh is vulnerable to fire.
You are immune to poison.
Your flesh is cold resistant. (rC+)
You are immune to negative energy. (rN+++)
You are immune to unholy pain and torment.
You can survive without breathing.


   Skills:
 + Level 12.2 Fighting
 * Level 13.8 Axes
 + Level 10.4 Armour
 + Level 10.4 Shields


You had 9 spell levels left.
You didn't know any spells.

Skill      XL: |  1  2  3  4  5  6  7  8  9 10 |
---------------+-------------------------------+-----
Fighting       | 4 5 6 7 8 9 11 12 | 12.2
Axes           | 3 4 5 7 8 9 10 12 13 | 13.8
Armour         | 3 4 5 6 7 8 9 10 | 10.4
Shields        | 3 4 5 6 7 8 9 10 | 10.4

Action                   |  1- 3 |  4- 6 |  7- 9 | 10-12 || total
-------------------------+-------+-------+-------+-------++-------
Melee: Broad axe         |     6 |    12 |    28 |    16 ||    62
 Stab: Distracted        |       |       |     4 |       ||     4
Armor: Gold dragon scale |       |     4 |    26 |     5 ||    35
Dodge: Dodged            |       |       |       |     1 ||     1
Block: Shield            |     8 |    15 |    51 |    35 ||   109

Inventory:

Hand Weapons
 a - a +0 war axe
 s - the cursed +14 obsidian axe (weapon) {chop, +Fly SInv *Curse}
   (You found it in the Dungeon)

   It inflicts extra damage upon your enemies.
   It lets you see invisible.
   It lets you fly.
   It curses itself when equipped.
   It has a curse placed upon it.
Armour
 c - a +0 shield
 d - a +0 scale mail {10}
 q - +5 gold dragon scales (worn) {23 rF+ rC+ rPois}
   (You found it in the Dungeon)
 t - the +18 shield of the Gong (worn) {rElec rN+ MR+ EV-5}
   (You found it in the Dungeon)

   It affects your evasion (-5).
   It insulates you from electricity.
   It protects you from negative energy.
   It affects your resistance to hostile enchantments.
Jewellery
 i - a +6 ring of dexterity
   (You found it in the Dungeon)
 j - a +6 ring of dexterity
   (You found it in the Dungeon)
 k - a +6 ring of intelligence
   (You found it in the Dungeon)
 l - a +6 ring of intelligence
   (You found it in the Dungeon)
 m - a +6 ring of strength (left hand)
   (You found it in the Dungeon)
 n - a +6 ring of strength
   (You found it in the Dungeon)
 u - an uncursed ring of protection from fire {rF+}
   (You found it in the Dungeon)
 w - the amulet "Lotealew" (around neck) {Gourm MP-9 Str+5}
   (You found it in the Dungeon)

   [amulet of the gourmand]

   It allows you to eat raw meat even when not hungry.
   It affects your strength (+5).
   It affects your magic capacity (-9).
 x - the ring of Reakoemu (right hand) {rPois rF+ rC+ Dex+4}
   (You found it in the Dungeon)

   [ring of poison resistance]

   It affects your dexterity (+4).
   It protects you from fire.
   It protects you from cold.
   It protects you from poison.
Wands
 e - a wand of disintegration (7)
   (You found it in the Dungeon)
 p - a wand of iceblast (7)
   (You found it in the Dungeon)
 v - a wand of acid (7)
   (You found it in the Dungeon)
Scrolls
 b - 4 scrolls of blinking
 f - 7 scrolls of fog
 g - 5 scrolls of remove curse
 h - 2 scrolls of fear
 o - 4 scrolls of amnesia
 r - 5 scrolls of identify You were in the Dungeon. You worshipped Makhleb. Makhleb was exalted by your worship. You were not hungry. You visited 1 branch

Dungeon Overview and Level Annotations

Branches:
Dungeon (1/1)

Altars:
Ashenzari
Cheibriados
Dithmenos
Elyvilon
Fedhas
Gozag
Hepliaklqana
Kikubaaqudgha
Makhleb
Nemelex Xobeh
Okawaru
Qazlal
Ru
Sif Muna
Trog
Uskayaw
Vehumet
Wu Jian
Xom
Yredelemnul
Zin
The Shining One
Beogh
Jiyva
Lugonu

Annotations:
D 1 transporter

▓....©....▓...©...▓
▓▓▓▓▓▓▓▓▓▓▓▓▓▓▓▓▓▓▓
▓...8©8...▓
▓..[}:))..▓
▓...))))..▓
▓.........▓
▓......p..▓
▓....p)...▓
▓...p@)...▓
▓.▓.o...▓.▓
▓....©....▓
▓▓▓▓▓▓▓▓▓▓▓


You could see a vault warden, a vault guard, an orc knight and an ironbrand
convoker.

Notes
Turn   | Place    | Note
-------+----------+-------------------------------------------
     0 | D        | Found the +6 Majin-Bo {vamp, Archmagi MP+6 Int+6}
     0 | D        | Found the +7 great mace "Firestarter" {inner flame, rF++}
     0 | D        | theanonym the Mummy Fighter began the quest for the Orb.
     0 | D        | Reached XP level 1. HP: 18/18 MP: 1/1
     0 | D        | Found a deep blue altar of Sif Muna.
     0 | D        | Found a sacrificial altar of Ru.
     0 | D        | Found a bloodstained altar of Trog.
     0 | D        | Found a stormy altar of Qazlal.
     0 | D        | Found an iron altar of Okawaru.
     0 | D        | Found a sparkling altar of Nemelex Xobeh.
     0 | D        | Found a blossoming altar of Fedhas.
     1 | D        | Found a transporter.
     1 | D        | Found an ancient bone altar of Kikubaaqudgha.
     1 | D        | Found a viscous altar of Jiyva.
     1 | D        | Found a corrupted altar of Lugonu.
     1 | D        | Found a hazy altar of Hepliaklqana.
     1 | D        | Found a burning altar of Makhleb.
     1 | D        | Found an opulent altar of Gozag.
    17 | D        | Found the +9 heavy crossbow "Sniper" {velocity, Acc+∞ SInv}
    17 | D        | Found the +10 dark maul {crush}
    17 | D        | Found the +15 Maxwell's patent armour {-Cast -Tele rElec MR+ rCorr}
    17 | D        | Found the +18 shield of the Gong {rElec rN+ MR+ EV-5}
    17 | D        | Found the cursed +14 obsidian axe {chop, +Fly SInv *Curse}
    18 | D        | Found the +6 shillelagh "Devastator" {shatter}
    18 | D        | Found the +11 plutonium sword {*Contam Stlth-}
    18 | D        | Found the +8 lance "Wyrmbane" {slay drac, rPois rF+ rC+ AC+3}
    18 | D        | Found the +9 sword of Zonguldrok {reap}
    18 | D        | Found the cursed +13 scythe of Curses {drain, *Curse}
    18 | D        | Found the +0 sword of Power
    18 | D        | Found the +8 mace of Variability {chaos}
    18 | D        | Found the +7 Singing Sword
    18 | D        | Found the +7 longbow "Piercer" {penet, EV-2}
    50 | D        | Became a worshipper of Makhleb the Destroyer
    80 | D        | Entered arena 2.
    80 | D        | Noticed an orc priest
    80 | D        | Noticed an orc priest
    80 | D        | Found a transporter.
    82 | D        | Killed an orc priest
    82 | D        | Reached skill level 4 in Fighting
    82 | D        | Reached skill level 3 in Axes
    82 | D        | Reached skill level 3 in Armour
    82 | D        | Reached skill level 3 in Shields
    82 | D        | Reached XP level 2. HP: 25/25 MP: 2/2
    82 | D        | Reached XP level 3. HP: 30/30 MP: 3/3
    84 | D        | Reached skill level 4 in Axes
    89 | D        | Entered arena 3.
    89 | D        | Found a transporter.
    94 | D        | Reached * piety under Makhleb
    94 | D        | Reached XP level 4. HP: 38/38 MP: 4/4
   102 | D        | Entered arena 4.
   102 | D        | Noticed a hell hound
   102 | D        | Found a transporter.
   103 | D        | Killed a hell hound
   103 | D        | Reached ** piety under Makhleb
   103 | D        | Reached skill level 5 in Fighting
   103 | D        | Reached skill level 5 in Axes
   103 | D        | Reached skill level 4 in Armour
   103 | D        | Reached skill level 4 in Shields
   112 | D        | Got the amulet "Lotealew" {Gourm MP-9 Str+5}
   115 | D        | Entered arena 5.
   115 | D        | Noticed a necrophage
   115 | D        | Found a transporter.
   117 | D        | Reached XP level 5. HP: 45/45 MP: 0/5
   119 | D        | Killed a necrophage
   119 | D        | Reached *** piety under Makhleb
   119 | D        | Reached skill level 6 in Fighting
   119 | D        | Reached skill level 6 in Axes
   119 | D        | Reached skill level 5 in Armour
   119 | D        | Reached skill level 5 in Shields
   126 | D        | Entered arena 6.
   126 | D        | Noticed a wolf
   126 | D        | Noticed a black bear
   126 | D        | Noticed a spriggan
   126 | D        | Noticed a spriggan
   126 | D        | Noticed a wolf
   126 | D        | Found a transporter.
   127 | D        | Killed a wolf
   127 | D        | Reached skill level 7 in Axes
   127 | D        | Reached XP level 6. HP: 53/53 MP: 0/6
   127 | D        | Killed a spriggan
   127 | D        | Killed a spriggan
   127 | D        | Reached **** piety under Makhleb
   127 | D        | Reached skill level 7 in Fighting
   127 | D        | Reached skill level 8 in Axes
   127 | D        | Reached skill level 6 in Armour
   127 | D        | Reached skill level 6 in Shields
   129 | D        | Reached XP level 7. HP: 60/60 MP: 0/7
   136 | D        | Got the ring of Reakoemu {rPois rF+ rC+ Dex+4}
   141 | D        | Entered arena 7.
   141 | D        | Noticed a hell hog
   141 | D        | Noticed a fire elemental
   141 | D        | Noticed a hell hog
   142 | D        | Found a transporter.
   147 | D        | Killed a hell hog
   147 | D        | Reached skill level 8 in Fighting
   147 | D        | Reached skill level 9 in Axes
   147 | D        | Reached skill level 7 in Armour
   147 | D        | Reached skill level 7 in Shields
   147 | D        | Reached XP level 8. HP: 69/69 MP: 0/8
   148 | D        | Reached ***** piety under Makhleb
   150 | D        | Killed a hell hog
   150 | D        | Reached skill level 9 in Fighting
   150 | D        | Reached skill level 10 in Axes
   178 | D        | Entered arena 8.
   178 | D        | Noticed a merfolk
   178 | D        | Noticed a merfolk
   178 | D        | Noticed a merfolk
   179 | D        | Found a transporter.
   183 | D        | Killed a merfolk
   183 | D        | Reached skill level 8 in Armour
   183 | D        | Reached skill level 8 in Shields
   184 | D        | Reached XP level 9. HP: 78/78 MP: 0/9
   184 | D        | Killed a merfolk
   184 | D        | Reached skill level 11 in Axes
   190 | D        | Killed a merfolk
   190 | D        | Reached skill level 10 in Fighting
   195 | D        | Entered arena 9.
   195 | D        | Noticed a spiny frog
   196 | D        | Found a transporter.
   198 | D        | Reached ****** piety under Makhleb
   201 | D        | Killed a spiny frog
   208 | D        | Entered arena 10.
   208 | D        | Noticed a wolf spider
   208 | D        | Noticed a wolf spider
   208 | D        | Noticed a jumping spider
   208 | D        | Noticed a wolf spider
   208 | D        | Noticed a jumping spider
   209 | D        | Found the +5 demon whip "Spellbinder" {antimagic, MR+}
   209 | D        | Found a transporter.
   213 | D        | Killed a wolf spider
   213 | D        | Reached skill level 12 in Axes
   213 | D        | Reached skill level 9 in Armour
   213 | D        | Reached skill level 9 in Shields
   213 | D        | Killed a jumping spider
   215 | D        | Killed a wolf spider
   215 | D        | Reached skill level 11 in Fighting
   215 | D        | Reached XP level 10. HP: 87/87 MP: 1/10
   216 | D        | Killed a wolf spider
   229 | D        | Entered arena 11.
   229 | D        | Noticed a flayed ghost
   229 | D        | Noticed an ironbrand convoker
   229 | D        | Noticed a vault guard
   229 | D        | Noticed a flayed ghost
   229 | D        | Noticed an ironbrand convoker
   229 | D        | Noticed a vault guard
   229 | D        | Noticed an orc knight
   229 | D        | Noticed a vault warden
   229 | D        | Noticed a vault guard
   230 | D        | Found a transporter.
   236 | D        | Killed an ironbrand convoker
   236 | D        | Reached skill level 13 in Axes
   236 | D        | HP: 39/88 [flayed ghost (23)]
   238 | D        | Killed a vault guard
   238 | D        | Reached skill level 10 in Armour
   238 | D        | Reached skill level 10 in Shields
   238 | D        | Killed a flayed ghost
   240 | D        | Killed a vault guard
   240 | D        | Reached skill level 12 in Fighting
   240 | D        | Killed a flayed ghost
   240 | D        | HP: 11/89 [vault warden/+4 hand axe of electrocution (32)]
   242 | D        | Slain by a vault guard

Vanquished Creatures
  2 vault guards (D)
  2 hell hogs (D)
  2 flayed ghosts (D)
  An ironbrand convoker (D)
  3 wolf spiders (D)
  A spiny frog (D)
  2 jumping spiders (D)
  A merfolk (D)
  A redback (D)
  A fire elemental (D)
  A basilisk (D)
  A hell hound (D)
  3 centaurs (D)
  2 bullfrogs (D)
  A scorpion (D)
  A wight (D)
  2 orc priests (D)
  2 mummies (D)
  A river rat (D)
  A jackal (D)
  A jackal skeleton (D)
  3 fire vortices (D)
35 creatures vanquished.

Vanquished Creatures (collateral kills)
  2 merfolk (D)
  2 spriggans (D)
  A hell hound (D)
  A black bear (D)
  A necrophage (D)
  2 wolves (D)
  A scorpion (D)
  A wight (D)
  A river rat (D)
  A giant cockroach zombie (D)
  2 fire vortices (D)
15 creatures vanquished.

Grand Total: 50 creatures vanquished

Table legend:
 A = Turns spent in this place as a percentage of turns spent in the entire game.
 B = Non-inter-level travel turns spent in this place as a percentage of non-inter-level travel turns spent in the entire game.
 C = Inter-level travel turns spent in this place as a percentage of turns spent in this place.
 D = Turns resting spent in this place as a percentage of non-inter-level travel turns spent in this place.
 E = Turns spent auto-exploring this place as a percentage of non-inter-level travel turns spent in this place.
 F = Non-inter-level travel turns spent in this place divided by the number of levels of this place that you've seen.
                   A       B       C       D       E      F
               +-------+-------+-------+-------+-------+----------------------
         Total | 100.0 | 100.0 |   0.0 |   7.0 |   8.7 | 242.0
       Dungeon | 100.0 | 100.0 |   0.0 |   7.0 |   8.7 | 242.0
               +-------+-------+-------+-------+-------+----------------------
